 Dungeon Crawl Stone Soup version 0.32-a0-791-gfc315c9ecd (webtiles) character file.

Game seed: 9271605857682876298

3537 ytrimaz the Destroyer (level 10, -1/56 HPs)
             Began as an Octopode Conjurer on Mar 20, 2024.
             Was a Follower of Ashenzari.
             Slain by a hornet (13 damage)
             ... on level 7 of the Dungeon.
             The game lasted 00:12:20 (6928 turns).

ytrimaz the Destroyer (Octopode Conjurer)           Turns: 6928, Time: 00:12:21

Health: -1/56      AC:  1    Str:  7    XL:     10   Next: 8%
Magic:  3/16       EV: 15    Int: 30    God:    Ashenzari [*.....]
Gold:   401        SH:  0    Dex: 11    Spells: 6/17 levels left

rFire   . . .        b - staff of cold
rCold   + . .        (no shield)
rNeg    . . .        (helmet restricted)
rPois   .            i - amulet "Seeker of Ashenzari" {RegenMP+, Self, Elem} (curse)
rElec   .            g - ring of the Shattered Dismay {Int+6, Cun, Self} (curse)
rCorr   .            (no ring)
SInv    .            (no ring)
Will    .....        (no ring)
Stlth   +++          (no ring)
HPRegen 0.29/turn    (no ring)
MPRegen 0.55/turn    (no ring)
                     (no ring)

%: no passive effects
@: about to teleport, slowed, very slow
A: almost no armour, amphibious, 8 rings, camouflage 1, gelatinous body 1,
(nimble swimmer 1), tentacles
a: Renounce Religion, Shatter the Chains


You were on level 7 of the Dungeon.
You worshipped Ashenzari.
Ashenzari was aware of your devotion.
You visited 2 branches of the dungeon, and saw 8 of its levels.

You collected 401 gold pieces.


Innate Abilities, Weirdness & Mutations

You cannot wear most types of armour.
You are amphibious.
You can wear up to eight rings at the same time.
Your skin changes colour to match your surroundings (Stealth+).
Your rubbery body absorbs attacks. (AC +1, EV +1)
((You are camouflaged when in or above water. (Stealth+)))
You have tentacles for arms and can constrict up to eight enemies at once.


   Skills:
 - Level 1.1 Staves
 + Level 9.3(10.1) Dodging
 - Level 3.0(3.6) Stealth
 - Level 1.3 Unarmed Combat
 - Level 3.0(4.0) Spellcasting
 - Level 10.0 Conjurations
 - Level 5.0 Alchemy


You had 6 spell levels left.
You knew the following spells:

 Your Spells              Type           Power      Damage    Failure   Level
a - Magic Dart            Conj           100%       1d8       1%          1
b - Searing Ray           Conj           100%       2d8       1%          2
c - Fulminant Prism       Conj/Alch      25%        3d14      3%          4
d - Iskenderun's Mystic   Conj/Tloc      36%        2d9       9%          4

Your spell library contained the following spells:

 Spells                   Type           Power      Damage    Failure   Level
 Flame Wave               Conj/Fire      36%        2d10      9%          4
 Call Imp                 Summ           12%        N/A       10%         2
 Ensorcelled Hibernation  Hex/Ice        18%        N/A       10%         2
 Lesser Beckoning         Tloc           12%        N/A       10%         2
 Scorch                   Fire           12%        2d5       10%         2
 Sublimation of Blood     Necr           6%         N/A       10%         2
 Gell's Gravitas          Tloc           6%         N/A       19%         3
 Passwall                 Erth           6%         N/A       19%         3
 Swiftness                Air            6%         N/A       19%         3
 Teleport Other           Tloc           6%         N/A       19%         3
 Summon Cactus Giant      Summ           3%         N/A       100%        6
 Summon Hydra             Summ           3%         N/A       100%        7

Inventory:

Armour
 c - the +0 buckler "Zasoes" {*Corrode rPois Dex+3}
   (You found it on level 4 of the Dungeon)

   Dex+3:     It affects your dexterity (+3).
   rPois:     It protects you from poison.
   *Corrode:  It may corrode you when you take damage.
Magical Staves
 b - a staff of cold (weapon)
   (You found it on level 2 of the Dungeon)
Jewellery
 a - an amulet of the acrobat
   (You found it on level 6 of the Dungeon)
 g - the cursed ring of the Shattered Dismay (left tentacle) {Int+6, Cun, Self}
   (You found it on level 1 of the Dungeon)

   [ring of intelligence]

   Int+6:     It affects your intelligence (+6).
   It has a curse which improves the following skills: Cunning: Dodging and
   Stealth.
   Introspection: Fighting and Spellcasting.
 i - the cursed amulet "Seeker of Ashenzari" (around mantle) {RegenMP+, Self, Elem}
   (You found it on level 1 of the Dungeon)

   [amulet of magic regeneration]

   It increases your rate of magic regeneration.
   RegenMP+:  It increases your rate of magic regeneration.
   It has a curse which improves the following skills: Introspection: Fighting
   and Spellcasting.
   Elements:  Fire Magic, Ice Magic, Air Magic and Earth Magic.
Wands
 n - a wand of mindburst (11)
   (You found it on level 5 of the Dungeon)
 p - a wand of flame (42)
   (You found it on level 4 of the Dungeon)
Scrolls
 d - 2 scrolls of poison
 h - 4 scrolls of teleportation
 j - a scroll of silence
 l - a scroll of vulnerability
 m - a scroll of revelation
 o - 2 scrolls of amnesia
 r - a scroll of fog
 t - a scroll of torment
 v - a scroll of enchant armour
Potions
 e - 2 potions of enlightenment
 f - 3 potions of curing
 q - a potion of attraction

Dungeon Overview and Level Annotations

Branches:
Dungeon (7/15) Zot: 26210  Temple (1/1) D:5 Zot: 5989

Altars:
Ashenzari
Cheibriados
Dithmenos
Elyvilon
Fedhas
Hepliaklqana
Kikubaaqudgha
Makhleb
Nemelex Xobeh
Qazlal
Ru
Trog
Vehumet
Wu Jian
Xom
Yredelemnul
Zin
The Shining One

Annotations:
D:3 1 runed translucent door, avangion's ghost, weakling OnWr
D:7 Pikel

#. # #.# .# .
#.########.#### .
#.......K.....+ .
#.%##....# .
#..#..##)# .
#..#.###.# .
###....# #.# .
#...@.## #.# .
#.#.y#####.# .
#.#......#.# .
#.##)##.##.######..
. #>
.).............? .
..).)...##.########
# .Y..)...##'####
)...)..##.....#
........##.....##


You could see Pikel (wandering) and a hornet.


Message History

The blast of energy engulfs the kobold brigand!
You hear a shout! 😮 HP[+1] MP[+1]
Casting: Fulminant Prism (dangerous; 3% risk of failure)
Confirm with . or Enter, or press ? or * to list all spells.
Aiming: Fulminant Prism (dangerous; 3% risk of failure)
Press: ? - help, Dir - move target You conjure a prism of explosive energy!
A fulminant prism comes into view.
The kobold brigand hits you with a +0 dagger!
The black bear bites your fulminant prism.
The black bear claws your fulminant prism. x2 😮 HP[-7] MP[-4]
You take 7 damage, and now have 31/56 hp.
You lost 4 mp, and now have 5/16 mp.
The kobold brigand hits you with a +0 dagger.
* * * LOW HITPOINT WARNING * * *
The black bear bites your fulminant prism. 😨 HP[-6] MP[+1]
You take 6 damage, and now have 25/56 hp.
Unknown command.
The kobold brigand closely misses you. 😨 HP[+1] Unknown command.
Unknown command.
Casting: Fulminant Prism (dangerous; 3% risk of failure)
Confirm with . or Enter, or press ? or * to list all spells.
Aiming: Fulminant Prism (dangerous; 3% risk of failure)
Press: ? - help, Dir - move target You conjure a prism of explosive energy!
A fulminant prism comes into view.
A hornet comes into view.
The ice beast misses you.
The kobold brigand completely misses you.
The black bear bites your fulminant prism!
The black bear claws your fulminant prism.
The black bear claws your fulminant prism but does no damage. 😨 MP[-3]
You lost 3 mp, and now have 3/16 mp.
Unknown command.
The ice beast attacks as it pursues you!
The ice beast hits you.
* * * LOW HITPOINT WARNING * * *
The ice beast freezes you. You resist.
* * * LOW HITPOINT WARNING * * *
The black bear bites your fulminant prism.
The black bear claws your fulminant prism. 😨 HP[-8]
You take 8 damage, and now have 18/56 hp.
Unknown command.
Okay, then.
Unknown command.
As you read the scroll of fear, it crumbles to dust.
You assume a fearsome visage.
The ice beast looks frightened!
The hornet resists with some effort.
The black bear looks frightened!
The kobold brigand looks frightened! 😨 MP[+1] Unknown command.
Casting: Fulminant Prism (dangerous; 3% risk of failure)
Confirm with . or Enter, or press ? or * to list all spells.
Aiming: Searing Ray (safe; 1% risk of failure)
Press: ? - help, Shift-Dir - straight line, f - ice beast
Aim: an ice beast (almost dead, fleeing, 83% to hit)
Okay, then.
Unknown command.
Aiming: Magic Dart (safe; 1% risk of failure)
Press: ? - help, Q - select action, (/) - cycle Shift-Dir - straight line, f - ice beast
Aim: an ice beast (almost dead, fleeing, 100% to hit)
The magic dart hits the ice beast but does no damage.
Your attack snaps the ice beast out of its fear. 😨 HP[+1] MP[-1]
You lost 1 mp, and now have 3/16 mp.
Unknown command.
Casting: Magic Dart (safe; 1% risk of failure)
Confirm with . or Enter, or press ? or * to list all spells.
Aiming: Searing Ray (safe; 1% risk of failure)
Press: ? - help, Shift-Dir - straight line, f/p - ice beast
Aim: an ice beast (almost dead, 83% to hit)
The searing ray hits the ice beast.
You kill the ice beast!
The searing ray hits the hornet! (Press . to maintain the ray.) 😨 MP[-1]
You lost 1 mp, and now have 2/16 mp.
Unknown command.
Unknown command.
As you read the scroll of teleportation, it crumbles to dust.
You feel strangely unstable.
Pikel, Merchant of Souls comes into view.
He is wielding a +1 whip of flaming.
The hornet stings you!
* * * LOW HITPOINT WARNING * * *
You feel yourself slow down. 😱 HP[-17]
You take 17 damage, and now have 2/56 hp.
MASSIVE DAMAGE!! (PAUSE)
Okay, then.
Unknown command.
Okay, then.
Unknown command.
You feel better. The hornet stings you!
You die...

Skill      XL: |  1  2  3  4  5  6  7  8  9 10 |
---------------+-------------------------------+-----
Stealth        | 3 |  3.0
Unarmed Combat | 1 |  1.3
Staves         | 1 |  1.1
Spellcasting   | 3 |  3.0
Conjurations   | 5 6 7 8 10 | 10.0
Alchemy        | 3 4 5 |  5.0
Dodging        | 3 6 8 9 |  9.3

Action                     |  1- 3 |  4- 6 |  7- 9 | 10-12 || total
---------------------------+-------+-------+-------+-------++-------
  Melee: Unarmed           |     8 |       |       |       ||     8
         Tentacles         |     2 |       |     1 |       ||     3
         Staff             |     1 |     5 |     5 |       ||    11
         Constrict         |       |     2 |     1 |       ||     3
   Cast: Magic Dart        |    71 |    45 |   119 |     8 ||   243
         Searing Ray       |     1 |     6 |    46 |     4 ||    57
         Fulminant Prism   |       |     2 |    23 |     4 ||    29
         Iskenderun's Myst |       |       |     3 |       ||     3
 Invoke: Curse Item        |       |       |     2 |       ||     2
    Use: Scroll            |     4 |       |    11 |     2 ||    17
         Potion            |       |     2 |     3 |     1 ||     6
 Armour: Skin              |     9 |     4 |    67 |     9 ||    89
  Dodge: Dodged            |    12 |     9 |    69 |     8 ||    98

Levels and vault maps discovered:
D:1:      arrival_aquarium_b, layout_rooms, hellmonk_ecumenical_altar_run_dry
D:2:      layout_basic
D:3:      layout_basic, nicolae_overflow_crystal_walls, ebering_ghost_sewer_d,
          corexii_corridor_pit, uniq_grinder, uniq_sigmund, uniq_robin
D:4:      layout_loops_cross
D:5:      layout_basic, minmay_temple_entry_poolview, uniq_ijyb, uniq_duvessa
D:6:      minmay_inner_zag, layout_basic
D:7:      layout_basic, hangedman_abyss_or_decor_stabs, serial_bayou_lake_a,
          uniq_pikel
Temple:   sentei_temple_godly_chess

Notes
Turn   | Place    | Note
-------+----------+-------------------------------------------
     0 | D:1      | ytrimaz the Octopode Conjurer began the quest for the Orb.
     0 | D:1      | Reached XP level 1. HP: 11/11 MP: 3/3
     0 | D:1      | magus.rc [v1.9.6]
     3 | D:1      | Noticed an electric eel
    31 | D:1      | Noticed an electric eel
    80 | D:1      | Reached skill level 3 in Stealth
   146 | D:1      | Reached XP level 2. HP: 17/17 MP: 1/5
   350 | D:1      | Learned a level 2 spell: Searing Ray
   582 | D:1      | Reached skill level 1 in Unarmed Combat
   582 | D:1      | Reached XP level 3. HP: 21/21 MP: 1/6
   770 | D:1      | Found a faded altar of an unknown god.
  1884 | D:3      | Found an ornate altar of the Wu Jian Council.
  1886 | D:3      | Reached XP level 4. HP: 27/27 MP: 6/8
  1954 | D:3      | Noticed Robin
  1962 | D:3      | Killed Robin
  1963 | D:3      | Reached skill level 1 in Staves
  1995 | D:3      | Learned a level 4 spell: Fulminant Prism
  2128 | D:3      | Reached skill level 3 in Spellcasting
  2146 | D:3      | Reached XP level 5. HP: 29/31 MP: 9/9
  2169 | D:3      | Found a runed translucent door.
  2169 | D:3      | Noticed Grinder
  2169 | D:3      | Noticed avangion's ghost (weakling OnWr)
  2187 | D:3      | Killed Grinder
  2188 | D:3      | Reached skill level 5 in Conjurations
  2188 | D:3      | Reached skill level 3 in Alchemy
  2188 | D:3      | Reached XP level 6. HP: 24/36 MP: 6/10
  2264 | D:3      | Noticed Sigmund
  2271 | D:3      | Killed Sigmund
  2272 | D:3      | Reached skill level 6 in Conjurations
  2272 | D:3      | Reached skill level 4 in Alchemy
  2272 | D:3      | Reached XP level 7. HP: 34/41 MP: 6/11
  2888 | D:4      | Identified the +0 buckler "Zasoes" {*Corrode rPois Dex+3}
  3205 | D:4      | Learned a level 4 spell: Iskenderun's Mystic Blast
  3364 | D:4      | You pick up a book of Burglary and begin reading...
  3364 | D:4      | You add the spells Ensorcelled Hibernation, Swiftness and
                  | Passwall to your library.
  3490 | D:5      | Entered Level 5 of the Dungeon
  3519 | D:5      | Noticed a hornet
  3528 | D:5      | Killed a hornet
  3529 | D:5      | Reached skill level 3 in Dodging
  3529 | D:5      | Reached skill level 7 in Conjurations
  3545 | D:5      | Reached skill level 5 in Alchemy
  3545 | D:5      | Reached XP level 8. HP: 46/46 MP: 3/12
  3580 | D:5      | You pick up a book of Blood and begin reading...
  3580 | D:5      | You add the spells Call Imp, Sublimation of Blood and
                  | Summon Hydra to your library.
  3597 | D:5      | Noticed Dowan
  3599 | D:5      | Noticed Duvessa
  3606 | D:5      | Killed Duvessa
  3607 | D:5      | Reached skill level 4 in Dodging
  3612 | D:5      | Killed Dowan
  3820 | D:5      | Found a staircase to the Ecumenical Temple.
  3878 | D:5      | You pick up a book of Displacement and begin reading...
  3878 | D:5      | You add the spells Lesser Beckoning, Gell's Gravitas and
                  | Teleport Other to your library.
  3920 | Temple   | Entered the Ecumenical Temple
  3925 | Temple   | Became a worshipper of Ashenzari the Shackled
  4128 | D:5      | Noticed Ijyb
  4135 | D:5      | Killed Ijyb
  4158 | D:5      | HP: 4/46 [spore (18)]
  4160 | D:5      | Reached skill level 5 in Dodging
  4168 | D:5      | Reached skill level 8 in Conjurations
  4408 | D:6      | Noticed a yak
  4409 | D:6      | Noticed a yak
  4409 | D:6      | Noticed a yak
  4410 | D:6      | Noticed a yak
  4413 | D:6      | Noticed a yak
  4474 | D:6      | Killed a yak
  4478 | D:6      | HP: 8/46 [yak (15)]
  4479 | D:6      | HP: 3/46 [yak (10)]
  4723 | D:5      | Killed a yak
  4724 | D:5      | Reached skill level 6 in Dodging
  4724 | D:5      | Reached XP level 9. HP: 31/51 MP: 3/13
  5135 | D:6      | Reached skill level 9 in Conjurations
  5294 | D:6      | Reached skill level 7 in Dodging
  6174 | D:7      | You pick up a book of Scorching and begin reading...
  6174 | D:7      | You add the spells Scorch, Flame Wave and Summon Cactus
                  | Giant to your library.
  6217 | D:7      | HP: 8/51 [orc warrior/+0 scimitar (13)]
  6219 | D:7      | Reached skill level 8 in Dodging
  6219 | D:7      | Reached skill level 10 in Conjurations
  6433 | D:7      | HP: 9/51 [wyvern (11)]
  6722 | D:7      | Reached * piety under Ashenzari
  6756 | D:7      | Reached XP level 10. HP: 39/56 MP: 12/16
  6855 | D:7      | Reached skill level 9 in Dodging
  6927 | D:7      | Noticed Pikel
  6927 | D:7      | HP: 2/56 [hornet (17)]
  6928 | D:7      | Slain by a hornet

Vanquished Creatures
  Grinder (D:3)
  A hornet (D:5)
  Sigmund (D:3)
  5 yaks
  A wyvern (D:7)
  Duvessa (D:5)
  2 water moccasins
  A black bear (D:5)
  An orc warrior (D:7)
  2 ice beasts
  3 ogres
  A centaur (D:7)
  A phantom (D:5)
  Dowan (D:5)
  5 wights
  4 killer bees (D:6)
  2 hounds
  2 bombardier beetles
  A jelly (D:6)
  An orc priest (D:7)
  A sleepcap (D:4)
  3 iguanas
  Ijyb (D:5)
  2 orc wizards
  Robin (D:3)
  5 adders
  A shadow imp (D:6)
  A white imp (D:6)
  2 ufetubi (D:5)
  3 dart slugs
  14 orcs
  5 ball pythons
  7 bats
  11 endoplasms
  4 giant cockroaches
  18 goblins
  12 hobgoblins
  3 jackals (D:4)
  8 kobolds
  8 quokkas
  A frilled lizard (D:2)
  4 rats
152 creatures vanquished.

Vanquished Creatures (others)
  29 fulminant prisms
29 creatures vanquished.

Grand Total: 181 creatures vanquished

Table legend:
 A = Non-vault XP
 B = Vault XP
 C = Vault XP percentage of total XP
 D = Non-vault monster count
 E = Vault monster count
 F = Vault count percentage of total count
                 A         B        C        D         E       F
            +---------+---------+-------+---------+---------+-------
      Total |    3967 |    1086 |  21.5 |     131 |      21 |  13.8
            +---------+---------+-------+---------+---------+-------
        D:1 |      57 |       0 |   0.0 |      30 |       0 |   0.0
        D:2 |      23 |       0 |   0.0 |      13 |       0 |   0.0
        D:3 |      76 |     553 |  87.9 |      21 |      15 |  41.7
        D:4 |     224 |       0 |   0.0 |      16 |       0 |   0.0
        D:5 |    1000 |     254 |  20.3 |      15 |       3 |  16.7
        D:6 |    1463 |     279 |  16.0 |      17 |       3 |  15.0
        D:7 |    1124 |       0 |   0.0 |      19 |       0 |   0.0
            +---------+---------+-------+---------+---------+-------

Skill      XL: |  1  2  3  4  5  6  7  8  9 10 |
---------------+-------------------------------+-----
Stealth        | 3 |  3.0
Unarmed Combat | 1 |  1.3
Staves         | 1 |  1.1
Spellcasting   | 3 |  3.0
Conjurations   | 5 6 7 8 10 | 10.0
Alchemy        | 3 4 5 |  5.0
Dodging        | 3 6 8 9 |  9.3

Action                     |  1- 3 |  4- 6 |  7- 9 | 10-12 || total
---------------------------+-------+-------+-------+-------++-------
  Melee: Unarmed           |     8 |       |       |       ||     8
         Tentacles         |     2 |       |     1 |       ||     3
         Staff             |     1 |     5 |     5 |       ||    11
         Constrict         |       |     2 |     1 |       ||     3
   Cast: Magic Dart        |    71 |    45 |   119 |     8 ||   243
         Searing Ray       |     1 |     6 |    46 |     4 ||    57
         Fulminant Prism   |       |     2 |    23 |     4 ||    29
         Iskenderun's Myst |       |       |     3 |       ||     3
 Invoke: Curse Item        |       |       |     2 |       ||     2
    Use: Scroll            |     4 |       |    11 |     2 ||    17
         Potion            |       |     2 |     3 |     1 ||     6
 Armour: Skin              |     9 |     4 |    67 |     9 ||    89
  Dodge: Dodged            |    12 |     9 |    69 |     8 ||    98

Illustrated notes

Table legend:
 A = Kills in this place as a percentage of kills in the entire game.
 B = Kills by you in this place as a percentage of kills by you in the entire game.
 C = Kills by friends in this place as a percentage of kills by friends in the entire game.
 D = Other kills in this place as a percentage of other kills in the entire game.
 E = Experience gained in this place as a percentage of experience gained in the entire game.
 F = Experience gained in this place divided by the number of levels of this place that you have seen.
                   A       B       C       D       E      F
               +-------+-------+-------+-------+-------+----------------------
         Total | 100.0 | 100.0 |   N/A |   N/A | 100.0 | 631.6
       Dungeon | 100.0 | 100.0 |   N/A |   N/A | 100.0 | 721.9
               +-------+-------+-------+-------+-------+----------------------

Table legend: (Time is in decaauts)
 A = Elapsed time spent in this place.
 B = Non-inter-level travel time spent in this place.
 C = Inter-level travel time spent in this place.
 D = Time resting spent in this place.
 E = Time spent auto-exploring this place.
 F = Levels seen in this place.
 G = Mean time per level.
                   A        B        C        D        E       F      G
               +--------+--------+--------+--------+--------+-----+--------+
         Total |   6930 |   6609 |    321 |    334 |   5296 |   8 |  866.2 |
       Dungeon |   6919 |   6602 |    317 |    334 |   5296 |   7 |  988.4 |
        Temple |     10 |      6 |      4 |      0 |      0 |   1 |   10.0 |
               +--------+--------+--------+--------+--------+-----+--------+

Top non-repeatable levels by time:
     D:6: 1591 daAuts
     D:5: 1239 daAuts
     D:1: 1068 daAuts
     D:3: 845 daAuts
     D:2: 814 daAuts
     D:4: 761 daAuts
     D:7: 598 daAuts
  Temple: 10 daAuts
